 Dungeon Crawl Stone Soup version 0.26-a0-227-g1af32d979d (webtiles) character file.

Game seed: 10919446099344355662

35 DDDD the Slasher (level 3, 0/33 HPs)
             Began as a Minotaur Berserker on July 7, 2020.
             Was a Follower of Trog.
             Slain by Jessica
             ... wielding a +0 club
              (3 damage)
             ... on level 2 of the Dungeon.
             The game lasted 00:04:20 (292 turns).

DDDD the Slasher (Minotaur Berserker)                Turns: 292, Time: 00:04:21

Health: 0/33       AC:  2    Str: 22    XL:     3   Next: 16%
Magic:  0/0        EV: 12    Int:  4    God:    Trog [*.....]
Gold:   17         SH:  0    Dex:  9    Spells: 2/2 levels left

rFire    . . .     SeeInvis .   g - +0 hand axe (antimagic)
rCold    . . .     Faith    .   (no shield)
rNeg     . . .     Spirit   .   e - +0 robe
rPois    .         Reflect  .   (helmet restricted)
rElec    .         Harm     .   (no cloak)
rCorr    .                      (no gloves)
MR       .....                  (no boots)
Stlth    +.........             (no amulet)
HPRegen  0.11/turn              (no ring)
MPRegen  0.07/turn              (no ring)

@: no status effects
A: retaliatory headbutt, horns 2
a: Berserk, Renounce Religion


You were on level 2 of the Dungeon.
You worshipped Trog.
Trog was aware of your devotion.
You were full.

You visited 1 branch of the dungeon, and saw 2 of its levels.

You collected 17 gold pieces.

Inventory:

Hand Weapons
 a - a +0 falchion
 g - a +0 antimagic hand axe (weapon)
Armour
 b - a +0 animal skin
 e - a +0 robe (worn)
Scrolls
 c - a scroll of amnesia {unknown}
 f - a scroll of remove curse {unknown}
Potions
 d - a potion of flight {unknown}


   Skills:
 + Level 4.0 Fighting
 + Level 4.7 Long Blades
 + Level 2.6 Armour
 + Level 2.3 Dodging


You had 2 spell levels left.
You didn't know any spells.
Your spell library was empty.

Dungeon Overview and Level Annotations

Branches:
Dungeon (2/15)

Altars:

Annotations:
D:2 Jessica


Innate Abilities, Weirdness & Mutations

You reflexively headbutt those who attack you in melee.
You have a pair of horns on your head.


Message History

* * * LOW HITPOINT WARNING * * *
You closely miss the goblin. You headbutt the goblin.
You kill the goblin!
Trog accepts your kill.
Your Fighting skill increases to level 4!
Jessica mumbles some strange words.
Jessica blinks!
Jessica points at you and mumbles some strange words.
Pain shoots through your body!
* * * LOW HITPOINT WARNING * * *
There is a stone staircase leading up here.
You see here a goblin corpse.
You hit Jessica.
Jessica's magic leaks into the air.
Jessica is lightly wounded.
Jessica points at you and mumbles some strange words.
You barely resist. Jessica barely misses you.
You barely miss Jessica.
Jessica is lightly wounded.
Jessica falters for a moment.
Jessica hits you with a +0 club.
You die...

#...#....).# #..
##........## .
#.†....)...## .####
#)#)...#....# .
....##.#.......#......
#..#.#.#.#...####...
#.......##.###....$
#.....<.##.....# $
#....@@.###..###
#...$...##...#
#.......##g#..#
##.#....#..##..#
#.#......## #.#
........### ...
#..#....# ####
#.##....# .......###


You could see Jessica (fast).

Vanquished Creatures
  An adder (D:2)
  A dart slug (D:1)
  2 bats (D:2)
  2 giant cockroaches
  5 hobgoblins
  2 jackals (D:1)
  A kobold (D:1)
  A frilled lizard (D:1)
  4 goblins
  2 rats
21 creatures vanquished.

Notes
Turn   | Place    | Note
-------+----------+-------------------------------------------
     0 | D:1      | DDDD the Minotaur Berserker began the quest for the Orb.
     0 | D:1      | Reached XP level 1. HP: 19/19 MP: 0/0
   129 | D:1      | Reached XP level 2. HP: 23/27 MP: 1/1
   248 | D:2      | Reached XP level 3. HP: 4/33 MP: 0/2
   264 | D:2      | Noticed Jessica
   292 | D:2      | Slain by Jessica

Illustrated notes

Levels and vault maps discovered:
D:1:      dpeg_arrival_long_road, layout_loops_cross, minmay_tromino_v4_c
D:2:      layout_rooms, first_ration, minmay_misc_feat_pillars,
          nemelex_spade_bored_becter, uniq_jessica

Skill      XL: |  1  2  3 |
---------------+----------+-----
Long Blades    | 4 |  4.7
Fighting       | 4 |  4.0
Armour         | |  2.6
Dodging        | |  2.3

Action                   || total
-------------------------++-------
Melee: Falchion          ||    29
       Headbutt          ||     7
       Hand axe          ||     9
 Stab: Sleeping          ||     1
  Eat: Ration            ||     1
Armor: Robe              ||     8
Dodge: Dodged            ||    24
       Rpst.: Falchion   ||     6

Table legend:
 A = Non-vault XP
 B = Vault XP
 C = Vault XP percentage of total XP
 D = Non-vault monster count
 E = Vault monster count
 F = Vault count percentage of total count
                 A         B        C        D         E       F
            +---------+---------+-------+---------+---------+-------
      Total |      50 |       0 |   0.0 |      21 |       0 |   0.0
            +---------+---------+-------+---------+---------+-------
        D:1 |      21 |       0 |   0.0 |      11 |       0 |   0.0
        D:2 |      29 |       0 |   0.0 |      10 |       0 |   0.0
            +---------+---------+-------+---------+---------+-------
